 Dungeon Crawl Stone Soup version 0.31.0-11-ge490571c62 (webtiles) character file.

Game seed: 14403292356339010688

60 qw the Shooter (level 3, -1/20 HPs)
             Began as a Deep Elf Hunter on Feb 3, 2024.
             Slain by an orc priest
             ... wielding a +0 dagger
              (4 damage)
             ... on level 3 of the Dungeon.
             The game lasted 00:00:08 (1650 turns).

qw the Shooter (Deep Elf Hunter)                    Turns: 1650, Time: 00:00:09

Health: -1/20      AC:  5    Str: 10    XL:     3   Next: 80%
Magic:  5/5        EV: 12    Int: 13    God:
Gold:   105        SH:  0    Dex: 18    Spells: 2/2 levels left

rFire   . . .        a - +0 shortbow (elec)
rCold   . . .        (shield currently unavailable)
rNeg    . . .        c - +0 leather armour
rPois   .            (no helmet)
rElec   .            d - +0 cloak
rCorr   .            j - +0 pair of gloves
SInv    .            (no boots)
Will    .....        g - amulet of regeneration
Stlth   ++           (no ring)
HPRegen 1.03/turn    (no ring)
MPRegen 0.09/turn

%: no passive effects
@: no status effects
A: no striking features
a: no special abilities


You were on level 3 of the Dungeon.
You visited 1 branch of the dungeon, and saw 3 of its levels.

You collected 105 gold pieces.


   Skills:
 - Level 1.5 Fighting
 + Level 7.3 Ranged Weapons
 - Level 2.4 Dodging
 - Level 1.2 Stealth


You had 2 spell levels left.
You didn't know any spells.
Your spell library was empty.

Inventory:

Hand Weapons
 a - a +0 shortbow of electrocution (weapon)
Armour
 c - a +0 leather armour (worn)
 d - a +0 cloak (worn)
 j - a +0 pair of gloves (worn)
Jewellery
 g - an amulet of regeneration (around neck)
Potions
 b - a potion of heal wounds {unknown}
 f - a potion of mutation
 h - a potion of might
 i - a potion of degeneration {unknown}
 k - a potion of curing {unknown}
 m - a potion of brilliance {unknown}

Dungeon Overview and Level Annotations

Branches:
Dungeon (3/15)

Altars:
Vehumet


Message History

You shoot an arrow. The arrow hits the orc.
The orc is heavily wounded.
A ball python comes into view.
The orc priest calls upon Beogh to heal the orc.
The orc's wounds heal themselves!
You shoot an arrow. The arrow closely misses the orc.
The ball python hisses angrily.
The arrow hits the orc priest but does no damage.
The orc priest begins to cast a cantrip, but forgets the words!
You shoot an arrow. The arrow hits the orc.
The orc is severely wounded.
The orc priest invokes the aid of Beogh against you.
Pain shoots through your body! The orc hits you but does no damage.
You shoot an arrow. The arrow hits the orc!
You kill the orc!
You shoot an arrow. The arrow hits the orc priest.
The orc priest is lightly wounded.
The orc priest barely misses you. The orc hits you with a +0 club.
You shoot an arrow. The arrow hits the orc priest.
The orc priest is lightly wounded.
The orc priest calls down the wrath of Beogh upon you.
Pain shoots through your body!
The orc priest hits you with a +0 dagger.
The orc closely misses you.
You shoot an arrow. The arrow hits the orc priest.
The orc priest is moderately wounded.
The orc priest completely misses you. The orc priest misses you.
The orc hits you but does no damage.
You shoot an arrow. The arrow barely misses the orc priest.
The arrow hits the ball python.
Lightning courses through the ball python!
You kill the ball python!
The orc priest hits you with a +0 short sword.
The orc priest closely misses you. The orc hits you with a +0 club.
You shoot an arrow.
The arrow hits the orc priest but does no damage.
The orc priest is moderately wounded.
The orc priest closely misses you.
The orc priest hits you with a +0 dagger.
You die...

##........ ..........
...#.# #......... !. ..
#<........##.)..
##........#.).#.
#####....#.####....
........#..####.%.####..
..............)ooo......
..........#####)@.#
...........# ##..#
........##.# #..#
........##.# #..#
........##.######.######..
.......................)..
............#####.######..
........###..# #.#
######### #..####.#####


You could see 2 orc priests and an orc.

Vanquished Creatures
  2 dart slugs (D:1)
  3 orcs (D:3)
  4 ball pythons
  5 endoplasms
  3 giant cockroaches
  2 hobgoblins (D:1)
  3 quokkas
  4 bats (D:1)
  4 frilled lizards
  3 goblins
  10 kobolds
  7 rats
50 creatures vanquished.

Notes
Turn   | Place    | Note
-------+----------+-------------------------------------------
     0 | D:1      | qw the Deep Elf Hunter began the quest for the Orb.
     0 | D:1      | Reached XP level 1. HP: 12/12 MP: 3/3
     0 | D:1      | 0 ||| qw: Version: 0.3-a-155-g5e7d8dd
     0 | D:1      | 0 ||| qw: Game counter: 3215
     0 | D:1      | 0 ||| qw: Melee chars always use a shield: true
     0 | D:1      | 0 ||| qw: God list: Okawaru
     0 | D:1      | 0 ||| qw: Allow faded altars: false
     0 | D:1      | 0 ||| qw: Do Orc after clearing Dungeon:15 true
     0 | D:1      | 0 ||| qw: Do second Lair branch before Depths: true
     0 | D:1      | 0 ||| qw: Lair rune preference: random
     0 | D:1      | 0 ||| qw: Goals: Normal
     0 | D:1      | 0 ||| PLANNING D:1-11
    99 | D:1      | HP: 2/12 [hobgoblin/+0 dagger (5)]
   106 | D:1      | Reached skill level 6 in Ranged Weapons
   106 | D:1      | Reached XP level 2. HP: 3/16 MP: 4/4
   503 | D:1      | Reached XP level 3. HP: 20/20 MP: 5/5
   651 | D:1      | 651 ||| READING scroll labelled ASIL YDWI FUOW.
   651 | D:1      | 651 ||| IDENTIFYING green potion
   652 | D:1      | 652 ||| READING scroll labelled UPNOCW EDYRAEDGH.
   653 | D:1      | 653 ||| READING scroll labelled BACOSTR GYEMOZ.
   658 | D:1      | 658 ||| READING scroll labelled CULUSTE IR IQA.
   658 | D:1      | 658 ||| BRANDING +0 shortbow.
   659 | D:1      | 659 ||| READING scroll labelled ZYOTHU KOGH.
   660 | D:1      | 660 ||| DRINKING 2 fizzy green potions.
   661 | D:1      | 661 ||| DROPPING scroll of butterflies.
   761 | D:2      | Found a radiant altar of Vehumet.
   922 | D:2      | Reached skill level 7 in Ranged Weapons
  1437 | D:2      | 1437 ||| UPGRADING to +0 cloak.
  1442 | D:2      | 1442 ||| UPGRADING to +0 pair of gloves.
  1447 | D:2      | 1447 ||| UPGRADING to amulet of regeneration.
  1452 | D:2      | 1452 ||| DROPPING amulet of magic regeneration.
  1453 | D:2      | 1453 ||| READING scroll labelled AFIMAGHITAA.
  1454 | D:2      | 1454 ||| READING scroll labelled JIRGHAKU YGHACOINURGH.
  1647 | D:3      | HP: 5/20 [orc priest/+0 dagger (1)]
  1649 | D:3      | HP: 2/20 [orc/+0 club (2)]
  1650 | D:3      | Slain by an orc priest

Levels and vault maps discovered:
D:1:      roderic_crop_circles_arrival_small, layout_rooms,
          serial_park_tiny_pond
D:2:      layout_basic, basic_altar
D:3:      layout_rooms

Skill      XL: |  1  2  3 |
---------------+----------+-----
Ranged Weapons | 6 7 |  7.3
Fighting       | |  1.5
Dodging        | |  2.4
Stealth        | |  1.2

Action                     || total
---------------------------++-------
   Fire: Shortbow          ||   120
    Use: Scroll            ||     7
         Potion            ||     1
 Armour: Leather armour    ||    34
  Dodge: Dodged            ||    41

Table legend:
 A = Non-vault XP
 B = Vault XP
 C = Vault XP percentage of total XP
 D = Non-vault monster count
 E = Vault monster count
 F = Vault count percentage of total count
                 A         B        C        D         E       F
            +---------+---------+-------+---------+---------+-------
      Total |      86 |       0 |   0.0 |      50 |       0 |   0.0
            +---------+---------+-------+---------+---------+-------
        D:1 |      43 |       0 |   0.0 |      26 |       0 |   0.0
        D:2 |      31 |       0 |   0.0 |      19 |       0 |   0.0
        D:3 |      12 |       0 |   0.0 |       5 |       0 |   0.0
            +---------+---------+-------+---------+---------+-------
